 Dungeon Crawl Stone Soup version 0.27-a0-1200-g94dc6ad4cf (webtiles) character file.

Game seed: 613085772056877465

2757 ooooo the Magician (level 9, -1/48 HPs)
             Began as a Deep Elf Summoner on June 1, 2021.
             Was a Believer of Sif Muna.
             Hit by a javelin thrown by a centaur (10 damage)
             ... in a bailey.
             The game lasted 00:46:50 (10850 turns).

ooooo the Magician (Deep Elf Summoner)             Turns: 10850, Time: 00:46:56

Health: -1/48      AC:  3    Str:  5    XL:     9   Next: 41%
Magic:  17/22      EV: 15    Int: 30    God:    Sif Muna [**....]
Gold:   586        SH:  0    Dex: 18    Spells: 4/23 levels left

rFire    . . .     SeeInvis .   u - +7 dagger "Goblinbane" {drain, Dex+3}
rCold    . . .     Faith    .   (no shield)
rNeg     . . .     Spirit   .   o - +1 robe {Will+}
rPois    +         Reflect  .   (no helmet)
rElec    .         Harm     .   (no cloak)
rCorr    .         Rampage  .   (no gloves)
Will     +....                  (no boots)
Stlth    ++++......             y - amulet of magic regeneration
HPRegen  0.16/turn              k - +6 ring of intelligence
MPRegen  0.43/turn              c - ring of poison resistance

@: no status effects
A: no striking features
a: Renounce Religion, Channel Magic


You were in a bailey.
You worshipped Sif Muna.
Sif Muna was pleased with you.
You visited 2 branches of the dungeon, and saw 9 of its levels.
You also visited: Bailey.

You collected 586 gold pieces.

Inventory:

Hand Weapons
 d - a +2 dagger of venom
 u - the +7 dagger "Goblinbane" (weapon) {drain, Dex+3}
   (You found it on level 4 of the Dungeon)

   A truly terrible weapon, it drains the life of those it strikes.
   It affects your dexterity (+3).
Missiles
 a - 57 poisoned darts
 g - 3 atropa-tipped darts
Armour
 o - a +1 robe of willpower (worn)
Magical Staves
 w - a staff of conjuration
Jewellery
 c - a ring of poison resistance (right hand)
 e - a ring of ice
 j - an amulet of regeneration
 k - a +6 ring of intelligence (left hand)
 q - a ring of ice
 y - an amulet of magic regeneration (around neck)
Wands
 f - a wand of acid (4)
 l - a wand of iceblast (7)
Scrolls
 h - a scroll of vulnerability {unknown}
 i - a scroll of magic mapping {unknown}
 n - a scroll of noise {unknown}
 v - a scroll of fear {unknown}
 x - 2 scrolls of holy word
Potions
 b - 6 potions of curing
 m - a potion of berserk rage
 p - a potion of haste {unknown}
 r - 2 potions of lignification
 s - a potion of attraction {unknown}
 t - 3 potions of brilliance
 z - a potion of might {unknown}


   Skills:
 + Level 2.0 Fighting
 + Level 6.3 Dodging
 + Level 7.1 Stealth
 * Level 7.7 Spellcasting
 + Level 6.1 Hexes
 + Level 7.0 Summonings
 + Level 2.3 Fire Magic
 + Level 4.0 Ice Magic
 + Level 2.9 Air Magic


You had 4 spell levels left.
You knew the following spells:

 Your Spells              Type           Power      Damage    Failure   Level
b - Call Imp              Summ           52%        N/A       1%          2
c - Summon Guardian Gole  Hex/Summ       50%        N/A       1%          3
d - Call Canine Familiar  Summ           52%        N/A       1%          3
e - Summon Ice Beast      Ice/Summ       44%        N/A       4%          4
f - Summon Lightning Spi  Summ/Air       41%        N/A       5%          4
I - Inner Flame           Hex/Fire       36%        N/A       2%          3

Your spell library contained the following spells:

 Spells                   Type           Power      Damage    Failure   Level
 Corona                   Hex            53%        N/A       1%          1
 Summon Small Mammal      Summ           100%       N/A       1%          1
 Foxfire                  Conj/Fire      72%        2x1d7     2%          1
 Animate Skeleton         Necr           22%        N/A       4%          1
 Apportation              Tloc           22%        N/A       4%          1
 Conjure Flame            Conj/Fire      18%        6-21      9%          3
 Sticky Flame             Conj/Fire      18%        2d4       26%         4
 Fireball                 Conj/Fire      9%         3d6       58%         5


Dungeon Overview and Level Annotations

Branches:
Dungeon (8/15)             Temple (1/1) D:6          Bailey (1/1)
   Lair: D:8-11

Altars:
Ashenzari
Cheibriados
Dithmenos
Elyvilon
Gozag
Kikubaaqudgha
Makhleb
Nemelex Xobeh
Okawaru
Ru
Sif Muna
Trog
Vehumet
Xom
Yredelemnul
Zin
The Shining One

Shops:
D:7 *


Message History

The javelin pierces through your ice beast!
The javelin closely misses you.
Your lightning spire shoots out a bolt of lightning at the centaur!
The bolt of electricity hits the centaur.
Things that are here:
a +0 glaive; a +0 chain mail What are your orders? t - Shout!
Orders for allies: a - Attack new target. r - Retreat! s - Stop attacking. g - Guard the area. f - Follow me.
Anything else - Cancel.
Gang up on whom?
Press: ? - help, Dir - move target, f - centaur
Aim: a centaur, wielding a +0 trident, wearing a +0 ring mail and quivering javelins (moderately wounded, ally target) Attack!
Your ice beast disappears in a puff of smoke!
Unknown command.
The centaur throws a javelin.
The javelin misses you.
Unknown command.
The centaur throws a javelin.
The javelin barely misses you.
The centaur throws a javelin.
The javelin pierces through you.
The centaur throws a javelin.
The javelin pierces through you!
* * * LOW HITPOINT WARNING * * *
Unknown command.
The centaur hits your guardian golem but does no damage.
The centaur kicks your guardian golem but does no damage.
Casting: Summon Guardian Golem (safe; 1% risk of failure)
Confirm with . or Enter, or press ? or * to list all spells.
You swap places.
The centaur throws a javelin.
The javelin closely misses your wolf. The javelin completely misses you.
Your wolf bites the centaur.
There is an open gate here.
The centaur hits your wolf with a +0 trident!
The centaur kicks your wolf but does no damage.
Your wolf bites the centaur but does no damage. x2
The centaur throws a javelin.
The javelin completely misses your wolf.
The javelin pierces through you!
You die...

≈≈≈.≈...).≈≈≈)....≈.≈
≈≈≈.≈≈≈.)8......≈≈≈.≈
≈≈≈≈.)≈≈≈.c)).≈≈≈..≈≈
≈≈≈≈≈≈.)≈#h..#≈).≈≈≈≈
≈≈≈≈≈≈≈≈.#...#.≈≈≈≈≈≈
#≈≈≈≈≈≈≈≈#...#≈≈≈≈≈≈≈
##≈≈≈≈≈≈≈#...#≈≈≈≈≈≈≈
#########'''#########
##.......[@.)........##
##.........)......)....##
##.....).⌠#######⌠.......##
#≈....#####.....#####....≈#
#≈...##....≈≈≈≈≈....##...≈#
#≈...#.⌠.≈≈≈...≈≈≈.⌠.#...≈#
#≈...#..≈≈.)≈.≈..≈≈..#...≈#
#≈.)⌠#.≈≈.≈≈≈.≈≈≈.≈≈.#⌠..≈#
#≈..##)≈.≈≈.))..≈≈.≈)##..≈#


You could see a centaur (ally target), a friendly guardian golem (summoned) and
a friendly wolf (summoned, sheltered).

Vanquished Creatures
  A water moccasin (D:7)
  A bullfrog (D:8)
  A nameless horror (D:7)
  A howler monkey (D:8)
  A bullfrog skeleton (D:5)
  An iguana (D:4)
  2 adders
  An adder skeleton (D:4)
  A dart slug (D:2)
  2 orcs (D:8)
  2 endoplasms
  A giant cockroach (D:4)
  4 goblins
  5 hobgoblins
  2 jackals (D:1)
  3 kobolds
  3 quokkas
  5 ball pythons
  2 bats
  A rat (D:1)
40 creatures vanquished.

Vanquished Creatures (collateral kills)
  Maggie (D:7)
  Sigmund (D:3)
  Menkaure (D:4)
  3 water moccasins
  Duvessa (D:4)
  6 orc warriors (Bailey)
  A sky beast (D:7)
  An ice beast (D:7)
  3 black bears
  2 ogres (D:5)
  8 centaurs
  A necrophage (D:5)
  2 kobold brigands
  A bullfrog (D:7)
  Dowan (D:4)
  4 wights (D:7)
  An electric eel (D:7)
  A jelly (D:5)
  3 centaur zombies
  A bullfrog skeleton (D:5)
  3 hounds
  2 orc priests
  4 iguanas
  9 orc wizards
  Robin (D:4)
  3 gnolls (D:2)
  A howler monkey skeleton (D:4)
  4 adders
  A shadow imp (D:6)
  A dart slug (D:1)
  34 orcs
  6 ball pythons
  2 giant cockroaches
  15 goblins
  8 hobgoblins
  2 quokkas
  2 bats
  3 frilled lizards
  A jackal skeleton (D:4)
  7 kobolds
  2 rats
154 creatures vanquished.

Vanquished Creatures (others)
  3 orc warriors
  An ogre (D:6)
  A phantom (D:4)
  23 plants
28 creatures vanquished.

Grand Total: 222 creatures vanquished

Notes
Turn   | Place    | Note
-------+----------+-------------------------------------------
     0 | D:1      | ooooo the Deep Elf Summoner began the quest for the Orb.
     0 | D:1      | Reached XP level 1. HP: 10/10 MP: 6/6
   428 | D:1      | Reached XP level 2. HP: 15/15 MP: 4/8
   528 | D:1      | Found a faded altar of an unknown god.
   993 | D:1      | Learned a level 2 spell: Call Imp
  1102 | D:2      | Reached XP level 3. HP: 19/19 MP: 5/10
  1106 | D:2      | Learned a level 3 spell: Summon Guardian Golem
  2051 | D:2      | Learned a level 3 spell: Call Canine Familiar
  2074 | D:3      | Noticed a kobold brigand
  2098 | D:3      | Killed a kobold brigand
  2099 | D:3      | Reached skill level 1 in Hexes
  2099 | D:3      | Reached XP level 4. HP: 24/24 MP: 1/11
  2307 | D:3      | Reached skill level 5 in Summonings
  2685 | D:3      | Noticed Sigmund
  3179 | D:3      | Reached XP level 5. HP: 28/28 MP: 9/13
  3214 | D:3      | Found a shadowy altar of Dithmenos.
  3579 | D:3      | Killed Sigmund
  3924 | D:4      | Noticed Duvessa
  3924 | D:4      | Noticed Dowan
  4016 | D:4      | Noticed Menkaure
  4146 | D:4      | Killed Menkaure
  4147 | D:4      | Reached XP level 6. HP: 32/32 MP: 1/15
  4156 | D:4      | Learned a level 4 spell: Summon Ice Beast
  4450 | D:4      | Noticed Robin
  4458 | D:4      | Killed Robin
  4464 | D:4      | Noticed a water moccasin
  4477 | D:4      | Killed a water moccasin
  4628 | D:4      | Reached skill level 5 in Spellcasting
  4628 | D:4      | Reached skill level 1 in Ice Magic
  4838 | D:4      | Identified the +7 dagger "Goblinbane" {drain, Dex+3}
  5162 | D:4      | Killed Duvessa
  5163 | D:4      | Reached XP level 7. HP: 36/36 MP: 1/16
  5164 | D:4      | Killed Dowan
  5165 | D:4      | Reached skill level 5 in Stealth
  5282 | D:5      | Entered Level 5 of the Dungeon
  5693 | D:5      | Found an ancient bone altar of Kikubaaqudgha.
  5695 | D:5      | Found a glowing golden altar of the Shining One.
  5711 | D:5      | Reached skill level 5 in Dodging
  5773 | D:5      | Learned a level 4 spell: Summon Lightning Spire
  5779 | D:5      | Found a shimmering altar of Xom.
  6186 | D:6      | Reached skill level 1 in Air Magic
  6186 | D:6      | Reached XP level 8. HP: 41/41 MP: 10/18
  6517 | D:6      | Found a staircase to the Ecumenical Temple.
  6526 | Temple   | Entered the Ecumenical Temple
  6538 | Temple   | Became a worshipper of Sif Muna the Loreminder
  7433 | D:7      | Found a white marble altar of Elyvilon.
  7489 | D:7      | Found Unkin's Serpentskin Sales.
  7492 | D:7      | Reached skill level 5 in Hexes
  7777 | D:6      | Learned a level 3 spell: Inner Flame
  7945 | D:7      | Noticed Maggie
  7959 | D:7      | Reached skill level 1 in Fighting
  8118 | D:7      | Killed Maggie
  8325 | D:7      | Reached skill level 1 in Fire Magic
  9438 | D:8      | Reached XP level 9. HP: 47/47 MP: 13/21
  9541 | D:8      | Reached * piety under Sif Muna
  9639 | D:8      | Found a flagged portal.
  9649 | Bailey   | Entered a bailey
 10123 | Bailey   | Reached ** piety under Sif Muna
 10850 | Bailey   | Hit by a javelin thrown by a centaur

Illustrated notes

Levels and vault maps discovered:
D:1:      zelgadis_glass_arrival_small, layout_rooms,
          hellmonk_ecumenical_altar_heavens_door
D:2:      layout_loops_ring, serial_forest, infiniplex_forest_clump_cross,
          infiniplex_forest_lined_ring, infiniplex_forest_clump_medium,
          infiniplex_forest_straight_1, infiniplex_forest_corner_1,
          infiniplex_forest_straight_2, infiniplex_forest_side_room,
          infiniplex_forest_straight_2
D:3:      layout_loops_corners, nicolae_dithmenos_through_a_glass_darkly,
          minmay_fractal_squares_diagonal_5, uniq_sigmund
D:4:      layout_basic, serial_bayou_crossing, uniq_duvessa, uniq_menkaure,
          uniq_robin
D:5:      layout_gridville, grunt_temple_overflow_open
D:6:      layout_cave_pools, minmay_temple_entry_offerings,
          chequers_serial_rivers_micro_a, hangedman_decor_clover_reticule,
          hangedman_decor_diamond_cutter, lexackson_kobold_supper
D:7:      layout_loops_ring, nicolae_elyvilon_temple_path, serial_glass,
          glass_columns_a, glass_columns_c, guppyfry_shop_venom, uniq_maggie
D:8:      layout_basic, enter_bailey_5, minivault_21, minmay_checkerbox
Temple:   lightli_temple_of_artemis
Bailey:   bailey_polearm_flooded_kennysheep, bailey

Skill      XL: |  1  2  3  4  5  6  7  8  9 |
---------------+----------------------------+-----
Stealth        | 3 4 5 6 7 |  7.1
Dodging        | 3 4 5 6 |  6.3
Hexes          | 1 2 3 4 5 6 |  6.1
Spellcasting   | 4 5 7 |  7.7
Summonings     | 5 6 7 |  7.0
Ice Magic      | 1 2 3 4 |  4.0
Air Magic      | 1 2 |  2.9
Fighting       | 1 2 |  2.0
Fire Magic     | 1 2 |  2.3

Action                   |  1- 3 |  4- 6 |  7- 9 || total
-------------------------+-------+-------+-------++-------
Melee: Dagger            |    26 |    46 |    18 ||    90
 Cast: Summon Small Mamm |    49 |    10 |     9 ||    68
       Call Imp          |    15 |    19 |    29 ||    63
       Summon Guardian G |     1 |    10 |    42 ||    53
       Call Canine Famil |       |    12 |    20 ||    32
       Summon Ice Beast  |       |     2 |    34 ||    36
       Summon Lightning  |       |       |    39 ||    39
Evoke: Wand              |       |       |     3 ||     3
  Use: Scroll            |       |       |    12 ||    12
 Stab: Sleeping          |     3 |     6 |     5 ||    14
Armor: Robe              |    12 |    14 |     7 ||    33
Dodge: Dodged            |    30 |    44 |    54 ||   128

Table legend: (Time is in decaauts)
 A = Elapsed time spent in this place.
 B = Non-inter-level travel time spent in this place.
 C = Inter-level travel time spent in this place.
 D = Time resting spent in this place.
 E = Time spent auto-exploring this place.
 F = Levels seen in this place.
 G = Mean time per level.
                   A        B        C        D        E       F      G
               +--------+--------+--------+--------+--------+-----+--------+
         Total |  10878 |  10422 |    456 |   2112 |   5878 |  10 | 1087.8 |
       Dungeon |   9657 |   9208 |    449 |   1456 |   5751 |   8 | 1207.1 |
        Temple |     20 |     13 |      7 |      0 |      0 |   1 |   20.0 |
        Bailey |   1200 |   1200 |      0 |    656 |    127 |   1 | 1200.0 |
               +--------+--------+--------+--------+--------+-----+--------+

Top non-repeatable levels by time:
     D:7: 2026 daAuts
     D:3: 1707 daAuts
     D:4: 1549 daAuts
     D:6: 1388 daAuts
  Bailey: 1200 daAuts
     D:2: 1057 daAuts
     D:1: 994 daAuts
     D:5: 612 daAuts
     D:8: 320 daAuts
  Temple: 20 daAuts
